Oilers vs Rangers

Created - January 23 2007 at 19:26

Goals
1 2 3 OT1 SO T
Oilers 1 1 0 0 0 2
Rangers 2 0 0 0 2 3
Shots
1 2 3 OT1 SO T
Oilers 16 13 8 3 2 40
Rangers 8 4 12 2 2 26

Period #1

1. Rangers , Martin Straka 8 (Matt Cullen, Brendan Shanahan) at 5:28
2. Oilers , Ales Hemsky 15 (Jason Smith, Ryan Smyth) at 10:26 (PP)
3. Rangers , Jaromir Jagr 11 (Sergei Zubov) at 18:21

Penalities :
Sergei Zubov (NYR) for Holding (Minor) at 2:25, Owen Nolan (NYR) for Charging (Minor) at 5:31, Owen Nolan (NYR) for Slashing (Minor) at 9:26

Period #2

4. Oilers , Ales Hemsky 16 (Ruslan Salei, Ryan Smyth) at 13:56

Penalities :
Brendan Shanahan (NYR) for Checking from behind (Major) at 0:25, Owen Nolan (NYR) for Cross-checking (Minor) at 6:01, Ruslan Salei (EDM) for Elbowing (Minor) at 11:18, Martin Straka (NYR) for Kneeing (Major) at 14:39

Period #3

No Goal

Penalities :
Keith Tkachuk (EDM) for Clipping (Minor) at 0:03, Steve Staios (EDM) for Hooking (Minor) at 8:00, Marek Malik (NYR) for Cross-checking (Minor) at 11:25, Aaron Ward (NYR) for Tripping (Minor) at 16:56, Ryan Johnson (EDM) for Clipping (Minor) at 16:56

Overtime #1

No Goal

Penalities :
No Penalty

Shootout

Penalty Shot by Daniel Alfredsson for Oilers - Stopped by Henrik Lundqvist
Penalty Shot by Jaromir Jagr for Rangers - Goal!
Penalty Shot by Shawn Horcoff for Oilers - Stopped by Henrik Lundqvist
Penalty Shot by Brendan Shanahan for Rangers - Goal!

Penalities :
No Penalty

Goalie Stats

Dwayne Roloson (EDM), 24 saves from 26 shots - (0.923), OTL, 10-13-1, 65:00 minutes
Henrik Lundqvist (NYR), 38 saves from 40 shots - (0.950), W, 11-7-1, 65:00 minutes

Players Stats

Oilers
Player Name              G  A  P  +/- PIM S  H  SB FO MP 
-----------------------------------------------------------
Ales Hemsky              2  0  2   1  0   10 0  0  2  21 
Brendan Witt             0  0  0  -2  0   2  2  2  0  20 
Daniel Alfredsson        0  0  0   0  0   6  0  0  6  20 
Dick Tarnstrom           0  0  0   0  0   2  1  2  0  22 
Ethan Moreau             0  0  0  -2  0   0  1  0  7  12 
Fernando Pisani          0  0  0   0  0   3  1  1  9  25 
Jason Smith              0  1  1   0  0   0  0  0  0  25 
Keith Tkachuk            0  0  0   0  2   4  0  0  8  16 
Marty Reasoner           0  0  0   0  0   0  0  0  14 11 
Mike Sillinger           0  0  0   0  0   1  0  0  1  11 
Nicklas Lidstrom         0  0  0  -2  0   0  0  1  0  27 
Petr Sykora              0  0  0  -2  0   3  0  0  2  15 
Raffi Torres             0  0  0  -2  0   0  1  0  0  14 
Ruslan Salei             0  1  1   1  2   1  1  1  0  25 
Ryan Johnson             0  0  0   1  2   0  0  2  1  11 
Ryan Smyth               0  2  2   1  0   4  0  0  17 20 
Shawn Horcoff            0  0  0   0  0   4  0  0  14 19 
Steve Staios             0  0  0   1  2   0  0  0  0  15 
Rangers
Player Name              G  A  P  +/- PIM S  H  SB FO MP 
-----------------------------------------------------------
Aaron Ward               0  0  0   0  2   0  0  1  0  13 
Adam Hall                0  0  0   0  0   0  0  0  1  4  
Brendan Shanahan         0  1  1   1  5   3  0  0  5  24 
Darius Kasparaitis       0  0  0  -1  0   0  0  0  0  13 
Fedor Tyutin             0  0  0   0  0   0  0  0  0  18 
Jaromir Jagr             1  0  1   0  0   2  1  1  3  25 
Jeremy Roenick           0  0  0   0  0   2  0  0  20 19 
Lee Stempniak            0  0  0   0  0   1  0  0  1  5  
Marek Malik              0  0  0   1  2   0  1  2  0  22 
Martin Rucinsky          0  0  0   0  0   1  0  0  2  16 
Martin Straka            1  0  1   1  5   5  0  0  8  22 
Matt Cullen              0  1  1   1  0   2  0  0  11 13 
Michael Nylander         0  0  0   0  0   2  0  0  28 26 
Michal Rozsival          0  0  0   1  0   1  2  2  0  27 
Owen Nolan               0  0  0   0  6   2  0  0  1  12 
Petr Prucha              0  0  0   0  0   4  0  0  1  15 
Sandis Ozolinsh          0  0  0   1  0   0  1  2  0  20 
Sergei Zubov             0  1  1   0  2   1  1  3  0  23 

3 Stars

1 - Ales Hemsky (EDM)
2 - Henrik Lundqvist (NYR)
3 - Dwayne Roloson (EDM)

Power Play

Oilers - 1 on 7 Attempt(s) - 14.29%
Rangers - 0 on 3 Attempt(s) - 0.00%

Penalty Kill

Oilers - 3 on 3 Attempt(s) - 100.00% - Score 0 goal in Penalty Kill
Rangers - 6 on 7 Attempt(s) - 85.71% - Score 0 goal in Penalty Kill

Game Notes

No Game Note

Finance

Level 1 -- Attendance: 3966 (63.96%) -- Ticket Income $396,600.00
Level 2 -- Attendance: 3640 (72.80%) -- Ticket Income $218,400.00
Level 3 -- Attendance: 1534 (76.69%) -- Ticket Income $53,690.00
Level 4 -- Attendance: 3210 (80.25%) -- Ticket Income $64,200.00
Luxury Box -- Attendance: 766 (76.64%) -- Ticket Income $153,200.00
Game was played at the Madison Square Garden
Total Attendance: 13116 (72.07%)
Total Ticket Income: $933,204.80
Other Expense: $109,714.80
Total Income: $823,490.00


Play by Play

Period #1

0:01 of 1st period - Shawn Horcoff wins face-off versus Michael Nylander in neutral zone.
2:04 of 1st period - Shot by Owen Nolan.
2:04 of 1st period - Shot Blocked by Ryan Johnson.
2:07 of 1st period - Shot by Petr Prucha.
2:07 of 1st period - Stopped by Dwayne Roloson without a rebound.
2:08 of 1st period - Michael Nylander wins face-off versus Marty Reasoner in Oilers zone.
2:18 of 1st period - Dick Tarnstrom is hit by Michal Rozsival and loses puck.
2:25 of 1st period - Minor Penalty to Sergei Zubov for Holding.
2:26 of 1st period - Michael Nylander wins face-off versus Shawn Horcoff in Oilers zone.
3:15 of 1st period - Shot by Ales Hemsky.
3:15 of 1st period - Stopped by Henrik Lundqvist with a rebound.
3:16 of 1st period - Shot by Ales Hemsky.
3:16 of 1st period - Shot Blocked by Sandis Ozolinsh.
3:17 of 1st period - Shot by Fernando Pisani.
3:17 of 1st period - Stopped by Henrik Lundqvist without a rebound.
3:18 of 1st period - Jeremy Roenick wins face-off versus Fernando Pisani in Rangers zone.
3:43 of 1st period - Shot by Ales Hemsky.
3:43 of 1st period - Stopped by Henrik Lundqvist without a rebound.
3:44 of 1st period - Shawn Horcoff wins face-off versus Michael Nylander in Rangers zone.
4:13 of 1st period - Shot by Shawn Horcoff.
4:13 of 1st period - Stopped by Henrik Lundqvist without a rebound.
4:14 of 1st period - Fernando Pisani wins face-off versus Martin Straka in Rangers zone.
4:41 of 1st period - Shot by Petr Prucha.
4:41 of 1st period - Shot Misses the Net.
4:46 of 1st period - Shot by Owen Nolan.
4:46 of 1st period - Stopped by Dwayne Roloson without a rebound.
4:47 of 1st period - Marty Reasoner wins face-off versus Michael Nylander in Oilers zone.
4:58 of 1st period - Shot by Fernando Pisani.
4:58 of 1st period - Stopped by Henrik Lundqvist without a rebound.
4:59 of 1st period - Ethan Moreau wins face-off versus Matt Cullen in Rangers zone.
5:12 of 1st period - Shot by Matt Cullen.
5:12 of 1st period - Shot Misses the Net.
5:13 of 1st period - Shot by Marek Malik.
5:13 of 1st period - Shot Misses the Net.
5:28 of 1st period - Shot by Martin Straka.
5:28 of 1st period - Goal by Martin Straka.
5:29 of 1st period - Marty Reasoner wins face-off versus Petr Prucha in neutral zone.
5:31 of 1st period - Minor Penalty to Owen Nolan for Charging.
5:32 of 1st period - Jeremy Roenick wins face-off versus Fernando Pisani in neutral zone.
5:49 of 1st period - Shot by Sergei Zubov.
5:49 of 1st period - Shot Misses the Net.
5:52 of 1st period - Shot by Michael Nylander.
5:52 of 1st period - Stopped by Dwayne Roloson without a rebound.
5:53 of 1st period - Jeremy Roenick wins face-off versus Shawn Horcoff in Oilers zone.
6:20 of 1st period - Shot by Daniel Alfredsson.
6:20 of 1st period - Shot Hit the Post.
6:25 of 1st period - Shot by Keith Tkachuk.
6:25 of 1st period - Shot Blocked by Sergei Zubov.
6:26 of 1st period - Shot by Dick Tarnstrom.
6:26 of 1st period - Stopped by Henrik Lundqvist with a rebound.
7:49 of 1st period - Shot by Petr Sykora.
7:49 of 1st period - Stopped by Henrik Lundqvist without a rebound.
7:50 of 1st period - Michael Nylander wins face-off versus Marty Reasoner in Rangers zone.
8:17 of 1st period - Shot by Fernando Pisani.
8:17 of 1st period - Shot Blocked by Sergei Zubov.
8:49 of 1st period - Off-side.
8:50 of 1st period - Ryan Smyth wins face-off versus Jeremy Roenick in neutral zone.
8:53 of 1st period - Shot by Ales Hemsky.
8:53 of 1st period - Stopped by Henrik Lundqvist without a rebound.
8:54 of 1st period - Ryan Smyth wins face-off versus Jeremy Roenick in Rangers zone.
8:57 of 1st period - Shot by Ryan Smyth.
8:57 of 1st period - Stopped by Henrik Lundqvist without a rebound.
8:58 of 1st period - Jeremy Roenick wins face-off versus Ryan Smyth in Rangers zone.
9:26 of 1st period - Minor Penalty to Owen Nolan for Slashing.
9:27 of 1st period - Michael Nylander wins face-off versus Shawn Horcoff in Rangers zone.
10:18 of 1st period - Shot by Fernando Pisani.
10:18 of 1st period - Shot Misses the Net.
10:23 of 1st period - Shot by Ryan Smyth.
10:23 of 1st period - Shot Misses the Net.
10:26 of 1st period - Shot by Ales Hemsky.
10:26 of 1st period - Goal by Ales Hemsky.
10:27 of 1st period - Matt Cullen wins face-off versus Ethan Moreau in neutral zone.
10:55 of 1st period - Off-side.
10:56 of 1st period - Ryan Smyth wins face-off versus Jeremy Roenick in neutral zone.
11:11 of 1st period - Shot by Ales Hemsky.
11:11 of 1st period - Stopped by Henrik Lundqvist without a rebound.
11:12 of 1st period - Marty Reasoner wins face-off versus Martin Rucinsky in Rangers zone.
11:16 of 1st period - Icing by Michal Rozsival.
11:17 of 1st period - Michael Nylander wins face-off versus Marty Reasoner in Rangers zone.
12:04 of 1st period - Shot by Ales Hemsky.
12:04 of 1st period - Shot Misses the Net.
12:07 of 1st period - Shot by Ryan Smyth.
12:07 of 1st period - Shot Misses the Net.
12:08 of 1st period - Shot by Ruslan Salei.
12:08 of 1st period - Stopped by Henrik Lundqvist with a rebound.
12:11 of 1st period - Shot by Ales Hemsky.
12:11 of 1st period - Shot Misses the Net.
12:52 of 1st period - Shot by Shawn Horcoff.
12:52 of 1st period - Stopped by Henrik Lundqvist without a rebound.
12:53 of 1st period - Jeremy Roenick wins face-off versus Ethan Moreau in Rangers zone.
13:04 of 1st period - Shot by Petr Prucha.
13:04 of 1st period - Shot Misses the Net.
14:01 of 1st period - Shot by Martin Straka.
14:01 of 1st period - Shot Misses the Net.
14:02 of 1st period - Shot by Martin Straka.
14:02 of 1st period - Shot Misses the Net.
14:07 of 1st period - Shot by Matt Cullen.
14:07 of 1st period - Shot Misses the Net.
14:08 of 1st period - Shot by Brendan Shanahan.
14:08 of 1st period - Stopped by Dwayne Roloson without a rebound.
14:09 of 1st period - Michael Nylander wins face-off versus Ryan Johnson in Oilers zone.
15:56 of 1st period - Shot by Fernando Pisani.
15:56 of 1st period - Stopped by Henrik Lundqvist without a rebound.
15:57 of 1st period - Ryan Smyth wins face-off versus Michael Nylander in Rangers zone.
15:57 of 1st period - Ales Hemsky is hit by Jaromir Jagr and loses puck.
16:12 of 1st period - Icing by Michal Rozsival.
16:13 of 1st period - Michael Nylander wins face-off versus Marty Reasoner in Rangers zone.
18:10 of 1st period - Shot by Martin Rucinsky.
18:10 of 1st period - Stopped by Dwayne Roloson with a rebound.
18:21 of 1st period - Shot by Jaromir Jagr.
18:21 of 1st period - Goal by Jaromir Jagr.
18:22 of 1st period - Jeremy Roenick wins face-off versus Ryan Smyth in neutral zone.
18:27 of 1st period - Shot by Jaromir Jagr.
18:27 of 1st period - Shot Blocked by Ryan Johnson.
18:32 of 1st period - Shot by Ales Hemsky.
18:32 of 1st period - Stopped by Henrik Lundqvist without a rebound.
18:33 of 1st period - Brendan Shanahan wins face-off versus Marty Reasoner in Rangers zone.
18:43 of 1st period - Icing by Michal Rozsival.
18:44 of 1st period - Ryan Smyth wins face-off versus Brendan Shanahan in Rangers zone.
18:51 of 1st period - Shot by Ales Hemsky.
18:51 of 1st period - Stopped by Henrik Lundqvist without a rebound.
18:52 of 1st period - Marty Reasoner wins face-off versus Jeremy Roenick in Rangers zone.
19:01 of 1st period - Shot by Owen Nolan.
19:01 of 1st period - Stopped by Dwayne Roloson without a rebound.
19:02 of 1st period - Ryan Smyth wins face-off versus Jaromir Jagr in Oilers zone.

Period #2

0:01 of 2nd period - Shawn Horcoff wins face-off versus Michael Nylander in neutral zone.
0:04 of 2nd period - Shot by Shawn Horcoff.
0:04 of 2nd period - Stopped by Henrik Lundqvist without a rebound.
0:05 of 2nd period - Matt Cullen wins face-off versus Ryan Smyth in Rangers zone.
0:25 of 2nd period - Major Penalty to Brendan Shanahan for Checking from behind.
0:26 of 2nd period - Daniel Alfredsson wins face-off versus Jaromir Jagr in Rangers zone.
0:37 of 2nd period - Shot by Keith Tkachuk.
0:37 of 2nd period - Stopped by Henrik Lundqvist with a rebound.
0:42 of 2nd period - Shot by Daniel Alfredsson.
0:42 of 2nd period - Stopped by Henrik Lundqvist with a rebound.
0:43 of 2nd period - Shot by Nicklas Lidstrom.
0:43 of 2nd period - Shot Blocked by Jaromir Jagr.
0:48 of 2nd period - Shot by Keith Tkachuk.
0:48 of 2nd period - Stopped by Henrik Lundqvist without a rebound.
0:49 of 2nd period - Jeremy Roenick wins face-off versus Fernando Pisani in Rangers zone.
3:18 of 2nd period - Shot by Daniel Alfredsson.
3:18 of 2nd period - Stopped by Henrik Lundqvist without a rebound.
3:19 of 2nd period - Michael Nylander wins face-off versus Petr Sykora in Rangers zone.
3:52 of 2nd period - Shot by Petr Sykora.
3:52 of 2nd period - Stopped by Henrik Lundqvist without a rebound.
3:53 of 2nd period - Shawn Horcoff wins face-off versus Matt Cullen in Rangers zone.
4:52 of 2nd period - Shot by Ryan Smyth.
4:52 of 2nd period - Stopped by Henrik Lundqvist without a rebound.
4:53 of 2nd period - Michael Nylander wins face-off versus Fernando Pisani in Rangers zone.
6:01 of 2nd period - Minor Penalty to Owen Nolan for Cross-checking.
6:02 of 2nd period - Michael Nylander wins face-off versus Shawn Horcoff in Oilers zone.
6:27 of 2nd period - Shot by Daniel Alfredsson.
6:27 of 2nd period - Stopped by Henrik Lundqvist with a rebound.
6:28 of 2nd period - Shot by Steve Staios.
6:28 of 2nd period - Shot Blocked by Sergei Zubov.
8:28 of 2nd period - Petr Prucha is hit by Raffi Torres and loses puck.
9:04 of 2nd period - Shot by Brendan Shanahan.
9:04 of 2nd period - Shot Blocked by Brendan Witt.
9:07 of 2nd period - Shot by Brendan Shanahan.
9:07 of 2nd period - Shot Blocked by Brendan Witt.
9:08 of 2nd period - Shot by Matt Cullen.
9:08 of 2nd period - Shot Blocked by Nicklas Lidstrom.
9:11 of 2nd period - Shot by Matt Cullen.
9:11 of 2nd period - Stopped by Dwayne Roloson with a rebound.
9:12 of 2nd period - Shot by Matt Cullen.
9:12 of 2nd period - Shot Misses the Net.
9:37 of 2nd period - Shot by Jaromir Jagr.
9:37 of 2nd period - Shot Blocked by Dick Tarnstrom.
9:50 of 2nd period - Shot by Daniel Alfredsson.
9:50 of 2nd period - Stopped by Henrik Lundqvist without a rebound.
9:51 of 2nd period - Jeremy Roenick wins face-off versus Mike Sillinger in Rangers zone.
10:11 of 2nd period - Jeremy Roenick is hit by Dick Tarnstrom and loses puck.
11:18 of 2nd period - Minor Penalty to Ruslan Salei for Elbowing.
11:19 of 2nd period - Keith Tkachuk wins face-off versus Michael Nylander in Oilers zone.
11:32 of 2nd period - Shot by Jaromir Jagr.
11:32 of 2nd period - Stopped by Dwayne Roloson without a rebound.
11:33 of 2nd period - Keith Tkachuk wins face-off versus Brendan Shanahan in Oilers zone.
12:51 of 2nd period - Icing by Fedor Tyutin.
12:52 of 2nd period - Jeremy Roenick wins face-off versus Daniel Alfredsson in Rangers zone.
13:24 of 2nd period - Lee Stempniak is hit by Ruslan Salei and loses puck.
13:27 of 2nd period - Icing by Ruslan Salei.
13:28 of 2nd period - Ryan Smyth wins face-off versus Michael Nylander in Oilers zone.
13:51 of 2nd period - Shot by Ryan Smyth.
13:51 of 2nd period - Shot Misses the Net.
13:56 of 2nd period - Shot by Ales Hemsky.
13:56 of 2nd period - Goal by Ales Hemsky.
13:57 of 2nd period - Matt Cullen wins face-off versus Ethan Moreau in neutral zone.
14:26 of 2nd period - Shot by Martin Straka.
14:26 of 2nd period - Stopped by Dwayne Roloson with a rebound.
14:27 of 2nd period - Shot by Brendan Shanahan.
14:27 of 2nd period - Shot Misses the Net.
14:39 of 2nd period - Major Penalty to Martin Straka for Kneeing.
14:40 of 2nd period - Jeremy Roenick wins face-off versus Fernando Pisani in neutral zone.
14:51 of 2nd period - Shot by Ales Hemsky.
14:51 of 2nd period - Stopped by Henrik Lundqvist without a rebound.
14:52 of 2nd period - Michael Nylander wins face-off versus Shawn Horcoff in Rangers zone.
16:35 of 2nd period - Shot by Shawn Horcoff.
16:35 of 2nd period - Stopped by Henrik Lundqvist without a rebound.
16:36 of 2nd period - Jeremy Roenick wins face-off versus Shawn Horcoff in Rangers zone.
17:05 of 2nd period - Shot by Daniel Alfredsson.
17:05 of 2nd period - Shot Blocked by Sandis Ozolinsh.
17:36 of 2nd period - Shot by Ryan Smyth.
17:36 of 2nd period - Stopped by Henrik Lundqvist without a rebound.
17:37 of 2nd period - Jeremy Roenick wins face-off versus Fernando Pisani in Rangers zone.
19:58 of 2nd period - Shot by Owen Nolan.
19:58 of 2nd period - Stopped by Dwayne Roloson with a rebound.

Period #3

0:01 of 3rd period - Michael Nylander wins face-off versus Shawn Horcoff in neutral zone.
0:03 of 3rd period - Minor Penalty to Keith Tkachuk for Clipping.
0:04 of 3rd period - Michael Nylander wins face-off versus Daniel Alfredsson in Oilers zone.
1:57 of 3rd period - Shot by Martin Straka.
1:57 of 3rd period - Shot Blocked by Fernando Pisani.
2:49 of 3rd period - Icing by Marek Malik.
2:50 of 3rd period - Michael Nylander wins face-off versus Marty Reasoner in Rangers zone.
2:52 of 3rd period - Lee Stempniak is hit by Fernando Pisani and loses puck.
3:04 of 3rd period - Shot by Lee Stempniak.
3:04 of 3rd period - Shot Misses the Net.
3:14 of 3rd period - Off-side.
3:15 of 3rd period - Matt Cullen wins face-off versus Ryan Smyth in neutral zone.
3:18 of 3rd period - Shot by Martin Straka.
3:18 of 3rd period - Stopped by Dwayne Roloson without a rebound.
3:19 of 3rd period - Ryan Smyth wins face-off versus Matt Cullen in Oilers zone.
3:29 of 3rd period - Ryan Smyth is hit by Marek Malik and loses puck.
3:50 of 3rd period - Ryan Smyth is hit by Sandis Ozolinsh and loses puck.
4:11 of 3rd period - Brendan Shanahan is hit by Brendan Witt and loses puck.
5:11 of 3rd period - Shot by Mike Sillinger.
5:11 of 3rd period - Shot Misses the Net.
5:33 of 3rd period - Icing by Mike Sillinger.
5:34 of 3rd period - Adam Hall wins face-off versus Marty Reasoner in Oilers zone.
5:46 of 3rd period - Icing by Michal Rozsival.
5:47 of 3rd period - Brendan Shanahan wins face-off versus Ryan Smyth in Rangers zone.
6:02 of 3rd period - Shot by Brendan Shanahan.
6:02 of 3rd period - Stopped by Dwayne Roloson without a rebound.
6:03 of 3rd period - Jeremy Roenick wins face-off versus Ethan Moreau in Oilers zone.
6:24 of 3rd period - Shot by Raffi Torres.
6:24 of 3rd period - Shot Misses the Net.
6:25 of 3rd period - Shot by Nicklas Lidstrom.
6:25 of 3rd period - Shot Misses the Net.
6:28 of 3rd period - Shot by Petr Sykora.
6:28 of 3rd period - Shot Hit the Post.
6:31 of 3rd period - Shot by Petr Sykora.
6:31 of 3rd period - Shot Misses the Net.
6:32 of 3rd period - Shot by Brendan Witt.
6:32 of 3rd period - Shot Blocked by Aaron Ward.
6:33 of 3rd period - Shot by Brendan Witt.
6:33 of 3rd period - Stopped by Henrik Lundqvist without a rebound.
6:34 of 3rd period - Michael Nylander wins face-off versus Ales Hemsky in Rangers zone.
6:43 of 3rd period - Shot by Michael Nylander.
6:43 of 3rd period - Stopped by Dwayne Roloson without a rebound.
6:44 of 3rd period - Matt Cullen wins face-off versus Ryan Smyth in Oilers zone.
7:29 of 3rd period - Shot by Marty Reasoner.
7:29 of 3rd period - Shot Blocked by Marek Malik.
7:30 of 3rd period - Shot by Dick Tarnstrom.
7:30 of 3rd period - Shot Misses the Net.
7:33 of 3rd period - Shot by Fernando Pisani.
7:33 of 3rd period - Stopped by Henrik Lundqvist without a rebound.
7:34 of 3rd period - Michael Nylander wins face-off versus Shawn Horcoff in Rangers zone.
7:43 of 3rd period - Shot by Jaromir Jagr.
7:43 of 3rd period - Stopped by Dwayne Roloson without a rebound.
7:44 of 3rd period - Marty Reasoner wins face-off versus Owen Nolan in Oilers zone.
8:00 of 3rd period - Minor Penalty to Steve Staios for Hooking.
8:01 of 3rd period - Daniel Alfredsson wins face-off versus Brendan Shanahan in neutral zone.
10:03 of 3rd period - Jaromir Jagr is hit by Ethan Moreau and loses puck.
10:23 of 3rd period - Shot by Raffi Torres.
10:23 of 3rd period - Shot Misses the Net.
10:28 of 3rd period - Shot by Petr Sykora.
10:28 of 3rd period - Stopped by Henrik Lundqvist without a rebound.
10:29 of 3rd period - Ryan Smyth wins face-off versus Matt Cullen in Rangers zone.
10:40 of 3rd period - Shot by Ryan Smyth.
10:40 of 3rd period - Stopped by Henrik Lundqvist without a rebound.
10:41 of 3rd period - Jeremy Roenick wins face-off versus Marty Reasoner in Rangers zone.
11:00 of 3rd period - Shot by Dick Tarnstrom.
11:00 of 3rd period - Stopped by Henrik Lundqvist without a rebound.
11:01 of 3rd period - Ethan Moreau wins face-off versus Matt Cullen in Rangers zone.
11:02 of 3rd period - Shot by Petr Sykora.
11:02 of 3rd period - Shot Misses the Net.
11:09 of 3rd period - Shot by Matt Cullen.
11:09 of 3rd period - Shot Misses the Net.
11:12 of 3rd period - Shot by Brendan Shanahan.
11:12 of 3rd period - Shot Misses the Net.
11:13 of 3rd period - Shot by Marek Malik.
11:13 of 3rd period - Shot Misses the Net.
11:25 of 3rd period - Minor Penalty to Marek Malik for Cross-checking.
11:26 of 3rd period - Fernando Pisani wins face-off versus Michael Nylander in Rangers zone.
11:47 of 3rd period - Shot by Ryan Smyth.
11:47 of 3rd period - Shot Misses the Net.
12:48 of 3rd period - Shot by Keith Tkachuk.
12:48 of 3rd period - Stopped by Henrik Lundqvist without a rebound.
12:49 of 3rd period - Fernando Pisani wins face-off versus Jaromir Jagr in Rangers zone.
13:39 of 3rd period - Owen Nolan is hit by Brendan Witt and loses puck.
13:43 of 3rd period - Shot by Jeremy Roenick.
13:43 of 3rd period - Stopped by Dwayne Roloson without a rebound.
13:44 of 3rd period - Martin Straka wins face-off versus Shawn Horcoff in Oilers zone.
14:01 of 3rd period - Shot by Martin Straka.
14:01 of 3rd period - Stopped by Dwayne Roloson without a rebound.
14:02 of 3rd period - Lee Stempniak wins face-off versus Marty Reasoner in Oilers zone.
14:20 of 3rd period - Marty Reasoner is hit by Michal Rozsival and loses puck.
14:48 of 3rd period - Shot by Petr Prucha.
14:48 of 3rd period - Shot Misses the Net.
14:51 of 3rd period - Shot by Petr Prucha.
14:51 of 3rd period - Stopped by Dwayne Roloson with a rebound.
14:52 of 3rd period - Shot by Fedor Tyutin.
14:52 of 3rd period - Shot Misses the Net.
14:57 of 3rd period - Shot by Owen Nolan.
14:57 of 3rd period - Shot Misses the Net.
14:58 of 3rd period - Shot by Jeremy Roenick.
14:58 of 3rd period - Stopped by Dwayne Roloson without a rebound.
14:59 of 3rd period - Shawn Horcoff wins face-off versus Matt Cullen in Oilers zone.
15:24 of 3rd period - Shot by Daniel Alfredsson.
15:24 of 3rd period - Shot Misses the Net.
15:25 of 3rd period - Shot by Shawn Horcoff.
15:25 of 3rd period - Shot Blocked by Marek Malik.
15:26 of 3rd period - Shot by Shawn Horcoff.
15:26 of 3rd period - Stopped by Henrik Lundqvist without a rebound.
15:27 of 3rd period - Ryan Smyth wins face-off versus Jeremy Roenick in Rangers zone.
15:45 of 3rd period - Off-side.
15:46 of 3rd period - Ethan Moreau wins face-off versus Martin Rucinsky in neutral zone.
16:42 of 3rd period - Icing by Fedor Tyutin.
16:43 of 3rd period - Jeremy Roenick wins face-off versus Ryan Smyth in Rangers zone.
16:52 of 3rd period - Shot by Petr Prucha.
16:52 of 3rd period - Stopped by Dwayne Roloson with a rebound.
16:56 of 3rd period - Minor Penalty to Aaron Ward for Tripping.
16:56 of 3rd period - Minor Penalty to Ryan Johnson for Clipping.
16:57 of 3rd period - Martin Straka wins face-off versus Keith Tkachuk in Oilers zone.
17:10 of 3rd period - Shot by Fernando Pisani.
17:10 of 3rd period - Shot Blocked by Michal Rozsival.
17:18 of 3rd period - Icing by Ruslan Salei.
17:19 of 3rd period - Keith Tkachuk wins face-off versus Michael Nylander in Oilers zone.
18:04 of 3rd period - Shot by Daniel Alfredsson.
18:04 of 3rd period - Stopped by Henrik Lundqvist without a rebound.
18:05 of 3rd period - Daniel Alfredsson wins face-off versus Martin Straka in Rangers zone.
18:08 of 3rd period - Shot by Shawn Horcoff.
18:08 of 3rd period - Shot Blocked by Michal Rozsival.
18:29 of 3rd period - Shot by Martin Straka.
18:29 of 3rd period - Stopped by Dwayne Roloson without a rebound.
18:30 of 3rd period - Keith Tkachuk wins face-off versus Martin Straka in Oilers zone.
18:39 of 3rd period - Shot by Darius Kasparaitis.
18:39 of 3rd period - Shot Misses the Net.
18:42 of 3rd period - Shot by Brendan Shanahan.
18:42 of 3rd period - Stopped by Dwayne Roloson with a rebound.
18:43 of 3rd period - Shot by Fedor Tyutin.
18:43 of 3rd period - Stopped by Dwayne Roloson without a rebound.
18:44 of 3rd period - Michael Nylander wins face-off versus Keith Tkachuk in Oilers zone.
19:09 of 3rd period - Shot by Petr Prucha.
19:09 of 3rd period - Shot Misses the Net.

Overtime #1

0:01 of 1st overtime period - Michael Nylander wins face-off versus Daniel Alfredsson in neutral zone.
0:09 of 1st overtime period - Daniel Alfredsson is hit by Sergei Zubov and loses puck.
0:39 of 1st overtime period - Shot by Daniel Alfredsson.
0:39 of 1st overtime period - Shot Misses the Net.
0:42 of 1st overtime period - Shot by Daniel Alfredsson.
0:42 of 1st overtime period - Shot Misses the Net.
1:14 of 1st overtime period - Icing by Ruslan Salei.
1:15 of 1st overtime period - Keith Tkachuk wins face-off versus Martin Straka in Oilers zone.
2:10 of 1st overtime period - Shot by Michael Nylander.
2:10 of 1st overtime period - Shot Misses the Net.
2:13 of 1st overtime period - Shot by Jaromir Jagr.
2:13 of 1st overtime period - Shot Blocked by Dick Tarnstrom.
2:14 of 1st overtime period - Shot by Sergei Zubov.
2:14 of 1st overtime period - Stopped by Dwayne Roloson without a rebound.
2:15 of 1st overtime period - Martin Straka wins face-off versus Keith Tkachuk in Oilers zone.
2:22 of 1st overtime period - Shot by Martin Straka.
2:22 of 1st overtime period - Shot Misses the Net.
2:23 of 1st overtime period - Shot by Michal Rozsival.
2:23 of 1st overtime period - Stopped by Dwayne Roloson without a rebound.
2:24 of 1st overtime period - Martin Straka wins face-off versus Petr Sykora in Oilers zone.
2:25 of 1st overtime period - Shot by Brendan Shanahan.
2:25 of 1st overtime period - Shot Misses the Net.
4:02 of 1st overtime period - Shot by Keith Tkachuk.
4:02 of 1st overtime period - Stopped by Henrik Lundqvist with a rebound.
4:03 of 1st overtime period - Shot by Brendan Witt.
4:03 of 1st overtime period - Stopped by Henrik Lundqvist without a rebound.
4:04 of 1st overtime period - Ales Hemsky wins face-off versus Michael Nylander in Rangers zone.
4:17 of 1st overtime period - Shot by Ales Hemsky.
4:17 of 1st overtime period - Stopped by Henrik Lundqvist with a rebound.
4:46 of 1st overtime period - Shot by Brendan Shanahan.
4:46 of 1st overtime period - Shot Blocked by Ruslan Salei.
4:47 of 1st overtime period - Shot by Brendan Shanahan.
4:47 of 1st overtime period - Shot Misses the Net.

ShootOut

ShootOut - Penalty Shot by Daniel Alfredsson for Oilers.
ShootOut - Stopped by Henrik Lundqvist.
ShootOut - Penalty Shot by Jaromir Jagr for Rangers.
ShootOut - Goal by Jaromir Jagr.
ShootOut - Penalty Shot by Shawn Horcoff for Oilers.
ShootOut - Stopped by Henrik Lundqvist.
ShootOut - Penalty Shot by Brendan Shanahan for Rangers.
ShootOut - Goal by Brendan Shanahan.


Output by the SimonT Hockey Simulator (STHS) for Stephane Roy -- Original Page W3C XHTML 1.0 Valid